 Dungeon Crawl Stone Soup version 0.29-a0-341-g24ffce5b50 (webtiles) character file.

Game seed: 10813606542167583483

2082 spaghetti the Summoner (level 8, 0/60 HPs)
             Began as a Demigod Hunter on Apr 20, 2022.
             Succumbed to a water moccasin's poison
             ... on level 6 of the Dungeon.
             The game lasted 00:12:31 (8828 turns).

spaghetti the Summoner (Demigod Hunter)             Turns: 8828, Time: 00:12:31

Health: 0/60       AC:  4    Str: 12    XL:     8   Next: 78%
Magic:  10/10      EV: 12    Int: 19    God:
Gold:   317        SH:  0    Dex: 17    Spells: 0/7 levels left

rFire   . . .      SeeInvis .   b - +2 hunting sling (venom) {sling}
rCold   + . .      Faith    .   (no shield)
rNeg    . . .      Spirit   .   w - +2 robe {rC+}
rPois   .          Reflect  .   (no helmet)
rElec   .          Harm     .   (no cloak)
rCorr   .          Rampage  .   (no gloves)
Will    .....                   (no boots)
Stlth   ++........              (no amulet)
HPRegen 0.20/turn               (no ring)
MPRegen 0.12/turn               (no ring)

@: lethally poisoned (0 -> -4)
A: high MP 1, forlorn, divine attributes
a: no special abilities


You were on level 6 of the Dungeon.
You visited 1 branch of the dungeon, and saw 7 of its levels.

You collected 317 gold pieces.


Innate Abilities, Weirdness & Mutations

You have an increased reservoir of magic. (+10% MP)
You shall have no god before yourself.
Your divine heritage dramatically boosts your attributes as you level up.


   Skills:
 - Level 1.7 Fighting
 - Level 3.6 Slings
 - Level 1.7 Dodging
 - Level 0.8 Stealth
 - Level 2.0 Unarmed Combat
 + Level 10.6 Summonings


You couldn't memorise any spells.
You knew the following spells:

 Your Spells              Type           Power      Damage    Failure   Level
a - Summon Hydra          Summ           20%        N/A       91%         7

Your spell library contained the following spells:

 Spells                   Type           Power      Damage    Failure   Level
 Slow                     Hex            0%         N/A       21%         1
 Sublimation of Blood     Necr           0%         N/A       30%         2
 Wereblood                Tmut           0%         N/A       30%         2
 Confusing Touch          Hex            0%         N/A       52%         3
 Portal Projectile        Hex/Tloc       0%         N/A       52%         3
 Vampiric Draining        Necr           0%         2d6       52%         3
 Blade Hands              Tmut           0%         N/A       99%         5
 Excruciating Wounds      Necr           0%         N/A       99%         5

Inventory:

Hand Weapons
 a - a +0 whip of flaming {mace}
   (You took it off an orc on level 5 of the Dungeon)
 b - a +2 hunting sling of venom (weapon) {sling}
 v - a +2 broad axe of venom {axe}
   (You found it on level 6 of the Dungeon)
Missiles
 g - 3 javelins {throwing}
 i - 163 stones {throwing}
 r - a boomerang {throwing}
Armour
 f - a +0 leather armour
 n - a +2 chain mail of fire resistance
   (You took it off Terence on level 3 of the Dungeon)
 u - the +1 ring mail of Peqesem {rPois Will++}
   (You found it on level 5 of the Dungeon)

   rPois:     It protects you from poison.
   Will:      It greatly increases your willpower.
 w - a +2 robe of cold resistance (worn)
   (You took it off an orc wizard on level 6 of the Dungeon)
Scrolls
 c - 2 scrolls of immolation {!r!r}
 h - a scroll of vulnerability {!r!r}
 j - a scroll of enchant armour
 m - a scroll of fog {unknown}
 o - 2 scrolls of amnesia {unknown}
 p - 2 scrolls of teleportation {@r4}
 q - 3 scrolls of silence {unknown}
 s - 2 scrolls of magic mapping {unknown}
Potions
 d - 3 potions of flight
 k - 3 potions of attraction {!q}
 l - a potion of degeneration {!q@e2}

Dungeon Overview and Level Annotations

Branches:
Dungeon (7/15)             Temple (0/1) D:5

Annotations:
D:6 3 runed translucent doors, Antichthon's ghost, novice NaWr

.......YW##...#.# #.#######.#..
...####.Y.#.....#####.# ##.#).
.###![##55##..........# #.....
##.$... #..#....#####.# #..#..
#...=.. #..#.#..#####.### #.....
#..5.5 #..#.#..........# #..##.
..Y..###..##.##.#####.#.# #..##.
Y.W...5...#.......# #.#.####...[.
..####...##.....@.###.#.........[
###..#####..................).###
...........#......###........<...
.###.#..#.##......###.#####..####
.............##..............#
############.##############.##
#.##############.#
#................#
##################


There were no monsters in sight!


Message History

Aim: a water moccasin (heavily wounded, poisoned, 42% to hit)
You shoot a sling bullet.
The sling bullet hits the water moccasin.
You feel very sick.
The water moccasin closely misses you. 😮 HP[-5]
You take 5 damage, and now have 40/60 hp.
Fire: b) +2 hunting sling (venom) {sling}
Press: ? - help, Q - select action, (/) - cycle Shift-Dir - straight line, f/p - water moccasin
Aim: a water moccasin (heavily wounded, poisoned, 42% to hit)
You shoot a sling bullet.
The sling bullet hits the water moccasin.
You feel very sick.
The water moccasin bites you but does no damage.
The water moccasin bites you.
* * * LOW HITPOINT WARNING * * *
😨 HP[-10]
You take 10 damage, and now have 30/60 hp.
Fire: b) +2 hunting sling (venom) {sling}
Press: ? - help, Q - select action, (/) - cycle Shift-Dir - straight line, f/p - water moccasin
Aim: a water moccasin (almost dead, poisoned, 42% to hit)
You shoot a sling bullet.
The sling bullet barely misses the water moccasin.
You feel very sick. The water moccasin misses you.
The water moccasin closely misses you. 😨 HP[-4]
You take 4 damage, and now have 26/60 hp.
Fire: b) +2 hunting sling (venom) {sling}
Press: ? - help, Q - select action, (/) - cycle Shift-Dir - straight line, f/p - water moccasin
Aim: a water moccasin (almost dead, poisoned, 42% to hit)
You shoot a sling bullet.
The sling bullet hits the water moccasin but does no damage.
You feel sick. The water moccasin bites you!
* * * LOW HITPOINT WARNING * * *
The water moccasin bites you.
* * * LOW HITPOINT WARNING * * *
😱 HP[-11]
You take 11 damage, and now have 15/60 hp.
You feel better.
The water moccasin closely misses you. 😨 HP[+10]
You regained 10 hp, and now have 25/60 hp.
Fire: b) +2 hunting sling (venom) {sling}
Press: ? - help, Q - select action, (/) - cycle Shift-Dir - straight line, f/p - water moccasin
Aim: a water moccasin (almost dead, poisoned, 42% to hit)
You shoot a sling bullet.
The sling bullet misses the water moccasin.
The water moccasin looks more healthy.
The water moccasin bites you.
* * * LOW HITPOINT WARNING * * *
The water moccasin bites you!
* * * LOW HITPOINT WARNING * * *
You are lethally poisoned!
The water moccasin poisons you! 😱 HP[-14]
You take 14 damage, and now have 11/60 hp.
MASSIVE DAMAGE!! (PAUSE)
You feel better.
The water moccasin bites you but does no damage.
The water moccasin bites you.
* * * LOW HITPOINT WARNING * * *
You are lethally poisoned!
The water moccasin poisons you! 😱 HP[+3]
You regained 3 hp, and now have 14/60 hp.
You are lethally poisoned (14 -> -3).
Your movement speed is average.
Your attack delay is about 1.3.
Okay, then.
Fire: b) +2 hunting sling (venom) {sling}
Press: ? - help, Q - select action, (/) - cycle Shift-Dir - straight line, f/p - water moccasin
Aim: a water moccasin (almost dead, 42% to hit)
You shoot a sling bullet.
The sling bullet hits the water moccasin.
You kill the water moccasin!
* * * LOW HITPOINT WARNING * * *
You feel very sick. 😱 HP[-5]
You take 5 damage, and now have 9/60 hp.
Unknown command.
You aren't carrying any items that you can evoke.
Okay, then.
There is a lethal amount of poison in your body!
There is a lethal amount of poison in your body!
Unknown command.
Unknown command.
* * * LOW HITPOINT WARNING * * *
You feel very sick. 😱 HP[-2]
You take 2 damage, and now have 7/60 hp.
* * * LOW HITPOINT WARNING * * *
You feel sick. 😱 HP[-2]
You take 2 damage, and now have 5/60 hp.
* * * LOW HITPOINT WARNING * * *
You feel sick. 😱 HP[-2]
You take 2 damage, and now have 3/60 hp.
* * * LOW HITPOINT WARNING * * *
You feel sick. 😱 HP[-2]
You take 2 damage, and now have 1/60 hp.
You die...

Skill      XL: |  1  2  3  4  5  6  7  8 |
---------------+-------------------------+-----
Unarmed Combat | 1 2 |  2.0
Summonings     | 1 3 4 5 6 8 10 | 10.6
Fighting       | |  1.7
Slings         | |  3.6
Dodging        | |  1.7
Stealth        | |  0.8

Action                   |  1- 3 |  4- 6 |  7- 9 || total
-------------------------+-------+-------+-------++-------
Melee: Whip              |     7 |    26 |       ||    33
       Hunting sling     |     1 |       |       ||     1
 Fire: Hunting sling     |   112 |    54 |   235 ||   401
Throw: Throwing net      |       |     1 |       ||     1
Evoke: Wand              |     5 |     4 |       ||     9
  Use: Potion            |     9 |       |     8 ||    17
       Scroll            |     6 |     4 |     3 ||    13
Armor: Leather armour    |    11 |     7 |       ||    18
       Chain mail        |       |    13 |   160 ||   173
       Robe              |       |       |     6 ||     6
Dodge: Dodged            |    41 |    27 |    99 ||   167

Levels and vault maps discovered:
D:1:      psy_arrival_radial02, layout_basic, basic_ecumenical_altar
D:2:      layout_basic
D:3:      kennysheep_the_goblin_king, layout_basic,
          mainiacjoe_overflow_catwalk_spiral, tso_oasis_becter, uniq_terence
D:4:      layout_rooms, kennysheep_mini, nicolae_overflow_crystal_walls,
          nicolae_dithmenos_through_a_glass_darkly, nicolae_ossuary_entry_giza
D:5:      layout_cave_pods, temple_pool_b
D:6:      layout_loops_ring, mainiacjoe_overflow_tiny_flanked, trog_book,
          mainiacjoe_overflow_paths, gammafunk_ghost_icy, dk_noncrumbling_3
D:7:      layout_basic, skrybe_limestone_x

Notes
Turn   | Place    | Note
-------+----------+-------------------------------------------
     0 | D:1      | spaghetti the Demigod Hunter began the quest for the Orb.
     0 | D:1      | Reached XP level 1. HP: 17/17 MP: 3/3
     0 | D:1      | magus.rc [v1.9.6]
    91 | D:1      | Reached skill level 1 in Unarmed Combat
   254 | D:1      | Reached XP level 2. HP: 24/24 MP: 4/4
   316 | D:1      | You pick up a book of Blood and begin reading...
   316 | D:1      | You add the spells Sublimation of Blood, Wereblood and
                  | Summon Hydra to your library.
   333 | D:1      | Reached skill level 2 in Unarmed Combat
   431 | D:1      | You pick up a book of Debilitation and begin reading...
   431 | D:1      | You add the spells Slow, Vampiric Draining and Confusing
                  | Touch to your library.
   746 | D:2      | Reached skill level 1 in Summonings
  1356 | D:3      | Reached XP level 3. HP: 29/29 MP: 5/5
  1364 | D:3      | You pick up a book of Weapons and begin reading...
  1364 | D:3      | You add the spells Portal Projectile, Excruciating Wounds
                  | and Blade Hands to your library.
  1784 | D:3      | Reached skill level 2 in Summonings
  1939 | D:3      | Noticed Terence
  1940 | D:3      | Noticed a sky beast
  1947 | D:3      | HP: 7/29 [Terence/+0 flail (9)]
  2273 | D:3      | You fall into a shaft and drop 3 floors!
  2280 | D:5      | Entered Level 5 of the Dungeon
  2325 | D:4      | HP: 6/29 [orc priest/divine providence (16)]
  2621 | D:4      | HP: 1/29 [orc priest/divine providence (11)]
  2979 | D:4      | Noticed an ogre
  3021 | D:5      | Noticed a phantom
  3026 | D:5      | Killed a phantom
  3027 | D:5      | Reached skill level 3 in Summonings
  3027 | D:5      | Reached XP level 4. HP: 36/36 MP: 6/6
  3029 | D:5      | Noticed a necrophage
  3034 | D:5      | Reached skill level 4 in Summonings
  3034 | D:5      | Reached XP level 5. HP: 41/41 MP: 7/7
  3213 | D:4      | Reached skill level 5 in Summonings
  3414 | D:4      | Reached XP level 6. HP: 14/48 MP: 8/8
  4114 | D:3      | Killed Terence
  4213 | D:3      | Reached skill level 6 in Summonings
  4552 | D:4      | Reached XP level 7. HP: 28/52 MP: 9/9
  4975 | D:4      | Reached skill level 7 in Summonings
  5792 | D:5      | Reached skill level 8 in Summonings
  5905 | D:5      | Found a staircase to the Ecumenical Temple.
  6079 | D:5      | Identified the +1 ring mail of Peqesem {rPois Will++}
  6611 | D:6      | Noticed a wyvern
  6825 | D:6      | Reached XP level 8. HP: 48/60 MP: 10/10
  7085 | D:6      | Found a runed translucent gate.
  7085 | D:6      | Found a runed translucent gate.
  7090 | D:6      | Found a runed translucent gate.
  7104 | D:6      | Reached skill level 9 in Summonings
  7329 | D:6      | HP: 10/60 [killer bee (6)]
  7331 | D:6      | HP: 2/60 [killer bee (5)]
  7933 | D:6      | Reached skill level 10 in Summonings
  7991 | D:6      | Learned a level 7 spell: Summon Hydra
  8648 | D:6      | Noticed Antichthon's ghost (novice NaWr)
  8819 | D:6      | HP: 15/60 [water moccasin (2)]
  8824 | D:6      | HP: 7/60 [poisoned by a water moccasin]
  8826 | D:6      | HP: 3/60 [poisoned by a water moccasin]
  8827 | D:6      | HP: 1/60 [poisoned by a water moccasin]
  8828 | D:6      | Succumbed to a water moccasin's poison

Vanquished Creatures
  A wyvern (D:5)
  A water moccasin (D:6)
  A sky beast (D:3)
  An orc warrior (D:5)
  An ice beast (D:5)
  2 ogres (D:4)
  2 phantoms
  5 necrophages
  4 scorpions
  4 killer bees (D:6)
  2 hounds (D:5)
  2 orc priests
  2 jellies
  Terence (D:3)
  2 orc wizards (D:6)
  2 iguanas (D:5)
  A mummy (D:4)
  12 adders
  An ufetubus (D:6)
  A worm (D:3)
  3 dart slugs
  18 orcs
  5 endoplasms
  3 giant cockroaches
  6 goblins
  10 hobgoblins
  4 kobolds
  3 quokkas
  A ball python (D:3)
  2 bats
  2 frilled lizards (D:1)
  A goblin zombie (D:4)
  A kobold zombie (D:4)
107 creatures vanquished.

Vanquished Creatures (collateral kills)
  A kobold (D:3)
1 creature vanquished.

Grand Total: 108 creatures vanquished

Table legend:
 A = Non-vault XP
 B = Vault XP
 C = Vault XP percentage of total XP
 D = Non-vault monster count
 E = Vault monster count
 F = Vault count percentage of total count
                 A         B        C        D         E       F
            +---------+---------+-------+---------+---------+-------
      Total |    2921 |      54 |   1.8 |     104 |       4 |   3.7
            +---------+---------+-------+---------+---------+-------
        D:1 |      30 |       0 |   0.0 |      16 |       0 |   0.0
        D:2 |      14 |       0 |   0.0 |       7 |       0 |   0.0
        D:3 |     203 |      36 |  15.1 |      15 |       1 |   6.2
        D:4 |     516 |      18 |   3.4 |      18 |       3 |  14.3
        D:5 |    1144 |       0 |   0.0 |      25 |       0 |   0.0
        D:6 |    1014 |       0 |   0.0 |      23 |       0 |   0.0
            +---------+---------+-------+---------+---------+-------

Illustrated notes

Table legend:
 A = Kills in this place as a percentage of kills in entire the game.
 B = Kills by you in this place as a percentage of kills by you in the entire game.
 C = Kills by friends in this place as a percentage of kills by friends in the entire game.
 D = Other kills in this place as a percentage of other kills in the entire game.
 E = Experience gained in this place as a percentage of experience gained in the entire game.
 F = Experience gained in this place divided by the number of levels of this place that you have seen.
                   A       B       C       D       E      F
               +-------+-------+-------+-------+-------+----------------------
         Total | 100.0 | 100.0 | 100.0 |   N/A | 100.0 | 425.0
       Dungeon | 100.0 | 100.0 | 100.0 |   N/A | 100.0 | 425.0
               +-------+-------+-------+-------+-------+----------------------

Table legend: (Time is in decaauts)
 A = Elapsed time spent in this place.
 B = Non-inter-level travel time spent in this place.
 C = Inter-level travel time spent in this place.
 D = Time resting spent in this place.
 E = Time spent auto-exploring this place.
 F = Levels seen in this place.
 G = Mean time per level.
                   A        B        C        D        E       F      G
               +--------+--------+--------+--------+--------+-----+--------+
         Total |   9107 |   8538 |    569 |   2670 |   4748 |   7 | 1301.0 |
       Dungeon |   9107 |   8538 |    569 |   2670 |   4748 |   7 | 1301.0 |
               +--------+--------+--------+--------+--------+-----+--------+

Top non-repeatable levels by time:
     D:5: 2268 daAuts
     D:6: 1898 daAuts
     D:4: 1887 daAuts
     D:3: 1643 daAuts
     D:2: 748 daAuts
     D:1: 658 daAuts
     D:7: 4 daAuts
